General information
- name: BNet
- type: Ladder team game (AT/RT)
- host: Battle.net
- saver: 418
map: Friends
- players: 8
- length: 173:26
- speed: Fast
- version: 1.24 W3XP
- replay type: Public
» download(457 KB)
Players
team 1 (winner)

»
Hada)abu. (
yellow | 47 APM | 1142 actions | 24:29)
3 Keeper of the Grove
2 Entangling Roots
1 Thorns Aura
1 Priestess of the Moon
1 Trueshot Aura
» actions
| Assign group hotkey | 52 | |
| Basic commands | 9 | |
| Build / train | 40 | |
| ESC pressed | 2 | |
| Enter build submenu | 13 | |
| Enter hero's abilities submenu | 4 | |
| Give item / drop item | 3 | |
| Remove unit from queue | 7 | |
| Right click | 614 | |
| Select / deselect | 227 | |
| Select group hotkey | 122 | |
| Use ability | 49 | |
1142 total
» units
| Wisp | 12 | |
| Huntress | 1 | |
| Glaive Thrower | 8 | |
| Hippogryph | -3 | |
18 total
» upgrades
» buildings
| Altar of Elders | 1 | |
| Moon Well | 6 | |
| Hunter's Hall | 1 | |
| Ancient of War | 2 | |
| Ancient of Wonders | 1 | |
| Tree of Ages | 1 | |
| Ancient of Wind | 2 | |
14 total
» build order
00:09 Altar of Elders
00:12 Moon Well
01:27 Hunter's Hall
02:24 Ancient of War
02:24 Ancient of War
02:27 Moon Well
03:08 Moon Well
04:12 Moon Well
05:10 Ancient of Wonders
05:40 Moon Well
09:54 Tree of Ages
09:56 Moon Well
12:56 Ancient of Wind
12:59 Ancient of Wind
» items
| Lesser Clarity Potion | 2 | |
| Moonstone | 1 | |
3 total

»
DiAbLo-JoiNt (
pink | 37 APM | 6487 actions | 173:26)
5 Blademaster
2 Wind Walk
3 Critical Strike
5 Tauren Chieftain
3 War Stomp
2 Endurance Aura
4 Shadow Hunter
2 Hex
2 Healing Wave
» actions
| Assign group hotkey | 33 | |
| Basic commands | 289 | |
| Build / train | 194 | |
| ESC pressed | 11 | |
| Enter build submenu | 141 | |
| Enter hero's abilities submenu | 14 | |
| Give item / drop item | 6 | |
| Remove unit from queue | 1 | |
| Right click | 2652 | |
| Select / deselect | 1429 | |
| Select group hotkey | 918 | |
| Use ability | 799 | |
6487 total
» units
| Peon | 50 | |
| Wind Rider | 8 | |
| Troll Batrider | 5 | |
| Goblin Zeppelin | 16 | |
| Shaman | 3 | |
| Goblin Shredder | 21 | |
103 total
» upgrades
| Ranged Weapons | 3 | |
| Shaman Training | 2 | |
| Reinforced Defenses | 1 | |
| Envenomed Spears | 1 | |
| Armor | 4 | |
| Pillage | 1 | |
| Ensnare | 1 | |
| Liquid Fire | 1 | |
| War Drums Damage Increase | 1 | |
| Witch Doctor Training | 2 | |
| Spirit Walker Training | 2 | |
| Melee Weapons | 3 | |
| Spiked Barricades | 4 | |
| Troll Regeneration | 1 | |
| Berserker Strength | 1 | |
| Berserker Upgrade | 1 | |
| Burning Oil | 1 | |
| Backpack | 1 | |
31 total
» buildings
| Altar of Storms | 3 | |
| Orc Burrow | 10 | |
| War Mill | 34 | |
| Watch Tower | 375 | |
| Great Hall | 13 | |
| Stronghold | 12 | |
| Voodoo Lounge | 1 | |
| Beastiary | 3 | |
| Fortress | 11 | |
| Barracks | 1 | |
| Spirit Lodge | 1 | |
464 total
» build order
00:13 Altar of Storms
00:22 Orc Burrow
01:33 War Mill
02:44 Orc Burrow
03:03 Watch Tower
03:05 Watch Tower
03:07 Watch Tower
03:10 Watch Tower
03:22 Watch Tower
04:12 Watch Tower
04:16 Watch Tower
04:19 Watch Tower
04:28 Watch Tower
05:22 Watch Tower
05:34 Watch Tower
06:56 Great Hall
07:02 Stronghold
08:13 Watch Tower
08:15 Watch Tower
08:17 Orc Burrow
08:19 Watch Tower
08:57 Voodoo Lounge
09:25 Beastiary
09:27 Beastiary
09:39 Beastiary
10:02 Watch Tower
10:04 Watch Tower
10:05 Watch Tower
10:14 Orc Burrow
10:40 Orc Burrow
13:02 Orc Burrow
13:04 Fortress
15:43 Barracks
15:48 Spirit Lodge
17:18 Orc Burrow
17:18 Orc Burrow
20:11 Great Hall
20:17 Great Hall
20:19 Orc Burrow
20:52 Great Hall
20:57 Orc Burrow
23:28 Stronghold
25:25 Stronghold
26:14 Great Hall
26:52 Great Hall
30:11 Great Hall
30:48 Great Hall
31:22 Fortress
32:13 Great Hall
37:07 Great Hall
40:31 Great Hall
42:16 Great Hall
42:23 Great Hall
42:37 Stronghold
43:52 Stronghold
43:53 Stronghold
45:50 War Mill
45:56 War Mill
46:19 Fortress
46:20 Fortress
46:32 Stronghold
53:01 War Mill
53:06 War Mill
53:22 Fortress
53:23 Fortress
53:27 Stronghold
53:30 Stronghold
53:33 Stronghold
53:35 Stronghold
56:04 Fortress
56:04 Fortress
56:16 Fortress
56:19 Fortress
56:20 Fortress
56:59 War Mill
57:17 War Mill
58:57 War Mill
59:05 War Mill
75:41 War Mill
78:01 Altar of Storms
78:03 Altar of Storms
85:04 War Mill
85:08 War Mill
85:15 War Mill
85:21 War Mill
88:26 War Mill
94:35 War Mill
94:47 War Mill
94:51 War Mill
95:29 War Mill
95:47 War Mill
97:11 War Mill
97:14 War Mill
97:33 War Mill
98:25 War Mill
100:57 War Mill
103:04 War Mill
103:07 War Mill
103:22 War Mill
103:42 War Mill
104:17 Watch Tower
105:39 Watch Tower
106:22 War Mill
106:43 War Mill
106:46 War Mill
108:41 War Mill
109:26 War Mill
117:29 Watch Tower
117:30 Watch Tower
117:32 Watch Tower
117:33 Watch Tower
117:34 Watch Tower
117:36 Watch Tower
117:37 Watch Tower
117:39 Watch Tower
117:40 Watch Tower
117:41 Watch Tower
117:42 Watch Tower
117:43 Watch Tower
117:44 Watch Tower
117:46 Watch Tower
117:47 Watch Tower
117:48 Watch Tower
117:49 Watch Tower
117:50 Watch Tower
117:51 Watch Tower
117:53 Watch Tower
117:54 Watch Tower
117:54 Watch Tower
117:55 Watch Tower
117:57 Watch Tower
117:59 Watch Tower
118:02 Watch Tower
118:04 Watch Tower
118:05 Watch Tower
118:21 Watch Tower
118:23 Watch Tower
118:24 Watch Tower
118:25 Watch Tower
118:25 Watch Tower
118:26 Watch Tower
118:27 Watch Tower
118:28 Watch Tower
118:29 Watch Tower
118:30 Watch Tower
118:30 Watch Tower
118:31 Watch Tower
118:32 Watch Tower
118:33 Watch Tower
118:34 Watch Tower
120:51 Watch Tower
120:52 Watch Tower
120:53 Watch Tower
120:54 Watch Tower
120:54 Watch Tower
120:56 Watch Tower
120:57 Watch Tower
120:59 Watch Tower
121:02 Watch Tower
121:04 Watch Tower
121:05 Watch Tower
121:06 Watch Tower
121:06 Watch Tower
121:07 Watch Tower
121:08 Watch Tower
121:10 Watch Tower
121:11 Watch Tower
121:13 Watch Tower
121:13 Watch Tower
121:14 Watch Tower
121:15 Watch Tower
121:17 Watch Tower
121:17 Watch Tower
121:19 Watch Tower
121:19 Watch Tower
122:00 Watch Tower
122:00 Watch Tower
122:01 Watch Tower
122:02 Watch Tower
122:04 Watch Tower
122:05 Watch Tower
122:06 Watch Tower
122:07 Watch Tower
122:08 Watch Tower
122:08 Watch Tower
122:10 Watch Tower
122:11 Watch Tower
122:11 Watch Tower
122:12 Watch Tower
122:14 Watch Tower
122:15 Watch Tower
122:17 Watch Tower
122:19 Watch Tower
122:20 Watch Tower
122:21 Watch Tower
122:22 Watch Tower
122:25 Watch Tower
122:25 Watch Tower
122:26 Watch Tower
122:27 Watch Tower
122:29 Watch Tower
122:30 Watch Tower
122:30 Watch Tower
122:31 Watch Tower
125:43 Watch Tower
125:44 Watch Tower
125:44 Watch Tower
125:45 Watch Tower
125:46 Watch Tower
125:47 Watch Tower
125:48 Watch Tower
125:48 Watch Tower
125:49 Watch Tower
125:50 Watch Tower
125:51 Watch Tower
125:52 Watch Tower
125:53 Watch Tower
125:56 Watch Tower
125:57 Watch Tower
125:59 Watch Tower
125:59 Watch Tower
126:00 Watch Tower
126:01 Watch Tower
126:03 Watch Tower
126:04 Watch Tower
126:04 Watch Tower
126:05 Watch Tower
126:06 Watch Tower
126:07 Watch Tower
126:08 Watch Tower
126:08 Watch Tower
126:10 Watch Tower
126:11 Watch Tower
126:12 Watch Tower
126:13 Watch Tower
126:13 Watch Tower
126:14 Watch Tower
126:14 Watch Tower
126:16 Watch Tower
126:16 Watch Tower
126:17 Watch Tower
126:18 Watch Tower
126:19 Watch Tower
126:20 Watch Tower
126:21 Watch Tower
126:22 Watch Tower
126:23 Watch Tower
126:24 Watch Tower
126:25 Watch Tower
126:26 Watch Tower
126:27 Watch Tower
126:29 Watch Tower
126:30 Watch Tower
126:31 Watch Tower
126:33 Watch Tower
126:33 Watch Tower
126:35 Watch Tower
126:35 Watch Tower
126:36 Watch Tower
126:37 Watch Tower
126:38 Watch Tower
126:40 Watch Tower
126:51 Watch Tower
126:51 Watch Tower
126:52 Watch Tower
126:53 Watch Tower
126:53 Watch Tower
126:54 Watch Tower
126:54 Watch Tower
126:55 Watch Tower
126:55 Watch Tower
126:55 Watch Tower
126:56 Watch Tower
126:56 Watch Tower
126:56 Watch Tower
126:56 Watch Tower
126:57 Watch Tower
126:57 Watch Tower
126:57 Watch Tower
126:57 Watch Tower
126:58 Watch Tower
126:58 Watch Tower
126:58 Watch Tower
126:58 Watch Tower
126:59 Watch Tower
126:59 Watch Tower
126:59 Watch Tower
126:59 Watch Tower
127:00 Watch Tower
127:00 Watch Tower
127:00 Watch Tower
127:00 Watch Tower
127:01 Watch Tower
127:01 Watch Tower
127:01 Watch Tower
127:01 Watch Tower
127:02 Watch Tower
127:02 Watch Tower
127:53 Watch Tower
127:55 Watch Tower
127:57 Watch Tower
127:59 Watch Tower
128:02 Watch Tower
128:08 Watch Tower
128:10 Watch Tower
128:19 Watch Tower
128:21 Watch Tower
128:22 Watch Tower
128:24 Watch Tower
128:26 Watch Tower
128:28 Watch Tower
128:29 Watch Tower
128:31 Watch Tower
128:32 Watch Tower
128:33 Watch Tower
128:35 Watch Tower
128:37 Watch Tower
128:38 Watch Tower
128:40 Watch Tower
151:46 Watch Tower
151:47 Watch Tower
151:48 Watch Tower
151:51 Watch Tower
151:53 Watch Tower
152:00 Watch Tower
152:01 Watch Tower
152:04 Watch Tower
152:05 Watch Tower
152:14 Watch Tower
152:16 Watch Tower
152:17 Watch Tower
152:18 Watch Tower
152:19 Watch Tower
152:20 Watch Tower
152:21 Watch Tower
152:25 Watch Tower
152:26 Watch Tower
152:29 Watch Tower
152:32 Watch Tower
152:33 Watch Tower
152:34 Watch Tower
154:34 Watch Tower
154:35 Watch Tower
154:38 Watch Tower
154:50 Watch Tower
154:51 Watch Tower
154:54 Watch Tower
154:55 Watch Tower
154:56 Watch Tower
155:02 Watch Tower
155:04 Watch Tower
155:05 Watch Tower
155:08 Watch Tower
155:13 Watch Tower
155:14 Watch Tower
155:16 Watch Tower
155:18 Watch Tower
155:20 Watch Tower
155:22 Watch Tower
155:25 Watch Tower
155:29 Watch Tower
155:31 Watch Tower
155:32 Watch Tower
156:24 Watch Tower
156:25 Watch Tower
156:26 Watch Tower
156:27 Watch Tower
156:28 Watch Tower
156:29 Watch Tower
156:31 Watch Tower
156:32 Watch Tower
156:33 Watch Tower
156:34 Watch Tower
156:36 Watch Tower
156:37 Watch Tower
156:39 Watch Tower
156:44 Watch Tower
156:46 Watch Tower
156:49 Watch Tower
157:04 Watch Tower
157:05 Watch Tower
157:06 Watch Tower
157:08 Watch Tower
157:10 Watch Tower
157:13 Watch Tower
157:15 Watch Tower
157:18 Watch Tower
157:19 Watch Tower
157:20 Watch Tower
157:23 Watch Tower
159:05 Watch Tower
159:06 Watch Tower
159:07 Watch Tower
159:11 Watch Tower
159:11 Watch Tower
159:13 Watch Tower
159:15 Watch Tower
159:16 Watch Tower
159:21 Watch Tower
159:22 Watch Tower
159:23 Watch Tower
159:24 Watch Tower
159:26 Watch Tower
159:28 Watch Tower
159:29 Watch Tower
159:30 Watch Tower
159:31 Watch Tower
159:33 Watch Tower
159:34 Watch Tower
159:37 Watch Tower
159:38 Watch Tower
159:39 Watch Tower
159:40 Watch Tower
165:46 Watch Tower
167:01 Watch Tower
167:03 Watch Tower
167:04 Watch Tower
167:05 Watch Tower
167:07 Watch Tower
167:08 Watch Tower
167:09 Watch Tower
167:10 Watch Tower
167:11 Watch Tower
167:13 Watch Tower
167:19 Watch Tower
167:19 Watch Tower
167:29 Watch Tower
167:56 Watch Tower
167:59 Watch Tower
168:01 Watch Tower
168:07 Watch Tower
168:10 Watch Tower
168:17 Watch Tower
168:18 Watch Tower
168:19 Watch Tower
168:19 Watch Tower
168:21 Watch Tower
168:22 Watch Tower
168:24 Watch Tower
168:50 Watch Tower
168:51 Watch Tower
168:52 Watch Tower
168:53 Watch Tower
168:57 Watch Tower
168:59 Watch Tower
169:00 Watch Tower
169:14 Watch Tower
169:17 Watch Tower
169:21 Watch Tower
169:29 Watch Tower
169:31 Watch Tower
169:33 Watch Tower
169:35 Watch Tower
» items
| Healing Salve | 3 | |
| Scroll of Speed | 2 | |
| Orb of Lightning | 1 | |
| Potion of Healing | 1 | |
| Amulet of the Wild | 2 | |
| Ankh of Reincarnation | 1 | |
| Health Stone | 1 | |
| Scroll of Town Portal | 3 | |
| Potion of Restoration | 1 | |
| Potion of Divinity | 1 | |
| Healing Wards | 1 | |
| Ice Shard | 1 | |
18 total

»
50Percent_Event (
red | 33 APM | 1369 actions | 41:44)
3 Tauren Chieftain
1 Shockwave
2 Endurance Aura
» actions
| Assign group hotkey | 5 | |
| Build / train | 20 | |
| Enter build submenu | 7 | |
| Enter hero's abilities submenu | 3 | |
| Right click | 713 | |
| Select / deselect | 60 | |
| Select group hotkey | 539 | |
| Use ability | 22 | |
1369 total
» units
» upgrades
» buildings
| Orc Burrow | 4 | |
| Altar of Storms | 1 | |
| Barracks | 1 | |
| Stronghold | 1 | |
| Voodoo Lounge | 1 | |
| Fortress | 1 | |
9 total
» build order
00:06 Orc Burrow
00:10 Altar of Storms
00:53 Barracks
01:36 Orc Burrow
02:23 Orc Burrow
03:06 Stronghold
03:51 Voodoo Lounge
04:33 Orc Burrow
05:46 Fortress
STARCRAFTLEGEND (
green | 16 APM | 2797 actions | 173:26)
5 Archmage
3 Summon Water Elemental
2 Brilliance Aura
3 Mountain King
2 Storm Bolt
1 Bash
» actions
| Assign group hotkey | 114 | |
| Basic commands | 354 | |
| Build / train | 103 | |
| ESC pressed | 1 | |
| Enter build submenu | 56 | |
| Enter hero's abilities submenu | 8 | |
| Give item / drop item | 2 | |
| Right click | 764 | |
| Select / deselect | 875 | |
| Select group hotkey | 408 | |
| Use ability | 112 | |
2797 total
» units
| Peasant | 15 | |
| Footman | 9 | |
| Forest Troll Shadow Priest | 1 | |
| Forest Troll Berserker | 1 | |
| Mortar Team | 12 | |
| Siege Engine | 8 | |
46 total
» upgrades
| Gunpowder | 3 | |
| Lumber Harvesting | 1 | |
| Fragmentation Shards | 1 | |
| Flare | 1 | |
| Barrage | 1 | |
| Masonry | 2 | |
9 total
» buildings
| Altar of Kings | 1 | |
| Barracks | 2 | |
| Farm | 13 | |
| Lumber Mill | 3 | |
| Keep | 1 | |
| Blacksmith | 1 | |
| Arcane Vault | 1 | |
| Workshop | 4 | |
| Castle | 1 | |
| Scout Tower | 28 | |
| Guard Tower | 15 | |
70 total
» build order
00:07 Altar of Kings
00:16 Barracks
00:19 Farm
00:58 Farm
01:43 Farm
02:20 Lumber Mill
03:11 Farm
03:31 Keep
03:56 Blacksmith
03:58 Arcane Vault
05:27 Farm
05:33 Farm
05:53 Workshop
05:56 Barracks
05:57 Workshop
06:06 Workshop
07:10 Farm
07:11 Farm
07:44 Castle
07:46 Farm
08:05 Farm
09:44 Farm
10:25 Farm
12:08 Workshop
13:35 Farm
13:46 Scout Tower
13:49 Scout Tower
13:51 Scout Tower
14:33 Guard Tower
14:34 Scout Tower
14:35 Scout Tower
15:02 Guard Tower
15:03 Scout Tower
15:04 Scout Tower
15:05 Guard Tower
15:43 Guard Tower
15:43 Scout Tower
15:45 Scout Tower
15:46 Scout Tower
16:18 Guard Tower
16:19 Guard Tower
16:32 Guard Tower
16:33 Scout Tower
16:36 Scout Tower
16:39 Scout Tower
17:22 Scout Tower
17:23 Scout Tower
18:24 Guard Tower
18:25 Scout Tower
18:26 Scout Tower
19:51 Guard Tower
20:35 Scout Tower
20:52 Scout Tower
20:53 Scout Tower
20:56 Scout Tower
21:00 Scout Tower
21:02 Scout Tower
21:32 Guard Tower
21:49 Lumber Mill
21:59 Guard Tower
21:59 Guard Tower
22:21 Guard Tower
22:47 Scout Tower
22:50 Scout Tower
22:52 Scout Tower
23:19 Scout Tower
23:39 Guard Tower
23:47 Scout Tower
24:03 Lumber Mill
» items
| Scroll of Regeneration | 3 | |
| Lesser Clarity Potion | 3 | |
| Potion of Healing | 2 | |
| Scroll of Town Portal | 6 | |
14 total
team 2 (loser)
WittySpaces.com (
purple | 27 APM | 35 actions | 01:19)
» actions
| Build / train | 2 | |
| Enter build submenu | 5 | |
| Right click | 11 | |
| Select / deselect | 13 | |
| Use ability | 4 | |
35 total
» units
» buildings
| Graveyard | 1 | |
| Crypt | 1 | |
| Altar of Darkness | 1 | |
| Ziggurat | 1 | |
4 total
» build order
00:25 Graveyard
00:38 Crypt
00:50 Altar of Darkness
01:02 Ziggurat
Hydra_males (
teal | 43 APM | 60 actions | 01:22)
» actions
| Build / train | 3 | |
| Enter build submenu | 4 | |
| Right click | 19 | |
| Select / deselect | 31 | |
| Use ability | 3 | |
60 total
» units
» buildings
| Crypt | 1 | |
| Altar of Darkness | 1 | |
| Ziggurat | 1 | |
3 total
» build order
00:09 Crypt
00:16 Altar of Darkness
00:42 Ziggurat

»
brucewillisusa (
blue | 14 APM | 20 actions | 01:25)
» actions
| Basic commands | 2 | |
| Right click | 4 | |
| Select / deselect | 12 | |
| Use ability | 2 | |
20 total
418 (
orange | 27 APM | 4737 actions | 173:26)
10 Blademaster
3 Wind Walk
3 Critical Strike
1 Bladestorm
3 Mirror Image
1 Death Knight
1 Unholy Aura
» actions
| Assign group hotkey | 18 | |
| Basic commands | 43 | |
| Build / train | 233 | |
| ESC pressed | 2 | |
| Enter build submenu | 177 | |
| Enter hero's abilities submenu | 11 | |
| Give item / drop item | 31 | |
| Remove unit from queue | 2 | |
| Right click | 2080 | |
| Select / deselect | 1482 | |
| Select group hotkey | 167 | |
| Use ability | 491 | |
4737 total
» units
| Peon | 63 | |
| Ghoul | 4 | |
| Goblin Shredder | 4 | |
| Demolisher | 8 | |
| Wind Rider | 7 | |
| Goblin Zeppelin | 3 | |
| Raider | 1 | |
90 total
» upgrades
| Ranged Weapons | 3 | |
| Armor | 3 | |
| Envenomed Spears | 1 | |
| Spiked Barricades | 3 | |
| Liquid Fire | 1 | |
| War Drums Damage Increase | 1 | |
| Ensnare | 1 | |
| Burning Oil | 1 | |
| Reinforced Defenses | 1 | |
| Berserker Strength | 1 | |
| Troll Regeneration | 1 | |
| Berserker Upgrade | 1 | |
| Pillage | 1 | |
| Melee Weapons | 3 | |
| Backpack | 1 | |
| Pulverize | 1 | |
| Shaman Training | 2 | |
| Witch Doctor Training | 2 | |
| Spirit Walker Training | 2 | |
30 total
» buildings
| Altar of Storms | 1 | |
| Orc Burrow | 9 | |
| Voodoo Lounge | 1 | |
| War Mill | 2 | |
| Graveyard | 1 | |
| Nerubian Tower | 5 | |
| Ziggurat | 33 | |
| Watch Tower | 87 | |
| Spirit Tower | 23 | |
| Great Hall | 6 | |
| Stronghold | 1 | |
| Fortress | 1 | |
| Barracks | 4 | |
| Beastiary | 5 | |
| Spirit Lodge | 3 | |
| Tauren Totem | 3 | |
| Tomb of Relics | 4 | |
189 total
» build order
00:10 Altar of Storms
00:21 Orc Burrow
00:37 Voodoo Lounge
01:08 War Mill
01:19 Orc Burrow
01:37 Graveyard
01:39 Nerubian Tower
01:51 Ziggurat
01:55 Ziggurat
01:58 Ziggurat
02:24 Watch Tower
02:31 Spirit Tower
02:32 Ziggurat
02:40 Ziggurat
02:50 Nerubian Tower
03:00 Watch Tower
03:04 Spirit Tower
03:07 Ziggurat
03:10 Spirit Tower
03:42 Great Hall
03:44 Watch Tower
03:55 Watch Tower
03:57 Watch Tower
04:00 Ziggurat
04:01 Spirit Tower
04:05 Spirit Tower
04:14 Orc Burrow
04:20 Ziggurat
04:27 Ziggurat
05:01 War Mill
05:15 Spirit Tower
05:17 Ziggurat
05:27 Spirit Tower
05:27 Spirit Tower
05:42 Spirit Tower
05:43 Ziggurat
05:47 Ziggurat
05:48 Ziggurat
05:50 Nerubian Tower
05:57 Stronghold
06:37 Spirit Tower
06:39 Spirit Tower
06:41 Spirit Tower
06:49 Ziggurat
07:01 Ziggurat
08:16 Ziggurat
08:18 Ziggurat
08:20 Ziggurat
08:21 Ziggurat
08:24 Ziggurat
08:35 Spirit Tower
08:37 Nerubian Tower
08:45 Ziggurat
08:49 Ziggurat
08:53 Ziggurat
08:55 Ziggurat
09:01 Fortress
09:09 Barracks
09:11 Barracks
09:19 Great Hall
09:44 Beastiary
09:46 Beastiary
09:48 Spirit Tower
09:51 Spirit Tower
10:12 Ziggurat
10:27 Orc Burrow
10:28 Orc Burrow
10:33 Beastiary
10:42 Great Hall
11:15 Spirit Tower
13:23 Ziggurat
13:25 Ziggurat
13:27 Ziggurat
13:36 Ziggurat
14:08 Ziggurat
14:18 Nerubian Tower
14:19 Spirit Tower
14:20 Spirit Tower
14:31 Spirit Tower
14:47 Beastiary
16:42 Spirit Tower
17:47 Watch Tower
17:48 Watch Tower
17:49 Watch Tower
17:50 Watch Tower
18:04 Watch Tower
18:51 Orc Burrow
19:21 Orc Burrow
19:37 Orc Burrow
20:28 Watch Tower
20:32 Watch Tower
20:32 Watch Tower
20:33 Watch Tower
20:34 Watch Tower
20:37 Watch Tower
20:38 Watch Tower
20:39 Watch Tower
20:39 Watch Tower
20:40 Watch Tower
24:39 Barracks
29:13 Spirit Lodge
29:16 Tauren Totem
31:27 Great Hall
32:32 Watch Tower
32:33 Watch Tower
32:34 Watch Tower
32:34 Watch Tower
35:48 Great Hall
36:40 Orc Burrow
38:12 Watch Tower
38:12 Watch Tower
38:13 Watch Tower
38:13 Watch Tower
40:17 Great Hall
40:18 Watch Tower
40:20 Watch Tower
40:21 Watch Tower
40:23 Watch Tower
43:52 Spirit Lodge
43:55 Tauren Totem
44:39 Watch Tower
44:41 Watch Tower
44:43 Watch Tower
44:44 Watch Tower
44:57 Ziggurat
44:59 Ziggurat
45:48 Watch Tower
45:49 Watch Tower
45:52 Watch Tower
45:53 Watch Tower
45:54 Spirit Tower
45:54 Spirit Tower
46:02 Tomb of Relics
46:37 Tomb of Relics
46:40 Tomb of Relics
46:41 Tomb of Relics
47:11 Watch Tower
47:13 Watch Tower
47:15 Watch Tower
49:29 Watch Tower
49:32 Watch Tower
49:33 Watch Tower
49:52 Beastiary
49:55 Barracks
49:58 Spirit Lodge
50:04 Tauren Totem
50:35 Watch Tower
50:36 Watch Tower
50:37 Watch Tower
51:38 Watch Tower
51:40 Watch Tower
51:41 Watch Tower
52:44 Watch Tower
52:45 Watch Tower
52:46 Watch Tower
53:55 Watch Tower
53:57 Watch Tower
53:59 Watch Tower
54:51 Ziggurat
54:58 Watch Tower
55:00 Watch Tower
55:02 Watch Tower
57:30 Spirit Tower
58:02 Watch Tower
58:03 Watch Tower
58:05 Watch Tower
58:44 Watch Tower
58:46 Watch Tower
58:49 Watch Tower
60:06 Watch Tower
60:08 Watch Tower
60:09 Watch Tower
64:27 Watch Tower
64:28 Watch Tower
64:30 Watch Tower
65:32 Watch Tower
65:34 Watch Tower
65:36 Watch Tower
68:36 Watch Tower
68:38 Watch Tower
68:40 Watch Tower
73:51 Watch Tower
74:00 Watch Tower
74:01 Watch Tower
74:03 Watch Tower
75:07 Watch Tower
75:09 Watch Tower
75:11 Watch Tower
76:17 Watch Tower
» items
| Healing Salve | 3 | |
| Lesser Clarity Potion | 8 | |
| Scroll of Town Portal | 3 | |
| Orb of Lightning | 1 | |
| Tiny Great Hall | 3 | |
| Boots of Quel'Thalas +6 | 5 | |
| Potion of Divinity | 2 | |
| Ankh of Reincarnation | 4 | |
| Health Stone | 8 | |
| Potion of Restoration | 2 | |
| Stone Token | 2 | |
| Book of the Dead | 1 | |
| Amulet of the Wild | 1 | |
| Scourge Bone Chimes | 2 | |
| Sobi Mask | 1 | |
| The Lion Horn of Stormwind | 3 | |
| Robe of the Magi +6 | 3 | |
| Alleria's Flute of Accuracy | 3 | |
| Mana Stone | 3 | |
| Belt of Giant Strength +6 | 5 | |
| Inferno Stone | 1 | |
| Runed Bracers | 2 | |
| Wand of the Wind | 1 | |
| Healing Wards | 1 | |
68 total
Chat log
(00:07 / All) DiAbLo-JoiNt: lol jur got him last game too
(00:08 / Allies) WittySpaces.com: fiend wyrms
(00:10 / Allies) WittySpaces.com: 100g please
(00:16 / Allies) 418: HACKER DOWN
(00:21 / Allies) WittySpaces.com: lol
(00:22 / Allies) WittySpaces.com: noob
(00:25 / Allies) brucewillisusa: im only doing
(00:27 / Allies) brucewillisusa: what 418 would do
(00:29 / Allies) brucewillisusa: 5 min from now
(00:32 / Allies) 418: THATS RIGHT NERD
(00:33 / Allies) brucewillisusa: :.(
(00:43 / Allies) WittySpaces.com: feed me
(00:46 / Allies) WittySpaces.com: the rest of your shit hten
(00:50 / Allies) brucewillisusa: 418 is gonna make pults
(00:51 / Allies) 418: HE GAVE HIS RESOURCES TO ME LOL
(00:52 / Allies) brucewillisusa: and kill ur main
(00:54 / Allies) Hydra_males: gg
(00:57 / Allies) 418: NO I ONLY STAB HACKERS
(01:00 / Allies) 418: AND NIGGERS
(01:02 / Allies) brucewillisusa: u stabbed our allies
(01:04 / Allies) brucewillisusa: that game i stabbed myself
(01:08 / Allies) brucewillisusa: u put replay up
(01:10 / Allies) brucewillisusa: on high.perch
(01:13 / Allies) Hydra_males: bg
(01:14 / Allies) 418: THATS BECAUSE YOU CRIED LIKE A BABY
(01:39 / All) 50Percent_Event: leave? please
(01:47 / All) 418: NOT GONNA HAPPEN CHIEF
(02:01 / All) 50Percent_Event: Ur terrible...
(02:05 / All) 418: OK
(02:19 / All) Hada)abu.: leave
(02:43 / All) 50Percent_Event: Chase...
(03:31 / All) 418: GOOD HARASS RED
(03:38 / All) 50Percent_Event: ...
(03:40 / All) 50Percent_Event: ur dumb?
(06:11 / All) DiAbLo-JoiNt: LOL
(06:13 / All) 418: LOL
(11:22 / All) 50Percent_Event: really love wasting your life away?
(11:27 / All) 418: I LOVE IT
(11:29 / All) Hada)abu.: yah
(11:45 / All) 50Percent_Event: wow...stupid ass
(13:24 / All) Hada)abu.: lol
(16:38 / All) DiAbLo-JoiNt: LOL
(16:48 / All) Hada)abu.: LOL im a idiot
(16:57 / All) Hada)abu.: my name is diablo-joint
(17:40 / All) DiAbLo-JoiNt: LOL
(18:21 / All) DiAbLo-JoiNt: LOL
(20:37 / All) DiAbLo-JoiNt: I LOST CONNECTION BTW
(20:46 / All) 418: VENT OR NBET?
(20:48 / All) DiAbLo-JoiNt: BNET
(21:13 / All) DiAbLo-JoiNt: HE HALLED ME LOL
(21:19 / All) STARCRAFTLEGEND: IM GONA KILL DIABLO
(21:22 / All) STARCRAFTLEGEND: GO MAKE FROST
(21:30 / All) STARCRAFTLEGEND: Im gnoa ggive us a lose
(21:45 / All) 418: TEACH HIM A LESSON BY STABBING A STABBER?
(22:13 / All) DiAbLo-JoiNt: YELLOW IS CALLING ME A LEGEND
(22:22 / All) 418: WHY
(22:23 / All) Hada)abu.: starcraftLEGEND
(23:18 / All) DiAbLo-JoiNt: JUST TANKS AND TOWERS
(23:22 / All) STARCRAFTLEGEND: 418
(23:24 / All) 418: HI
(23:26 / All) STARCRAFTLEGEND: Go kill diablo
(23:28 / All) 418: NO
(23:28 / All) STARCRAFTLEGEND: Ill bs him
(25:20 / All) DiAbLo-JoiNt: NOOOO
(26:37 / All) DiAbLo-JoiNt: HES DEAD LOL
(26:42 / All) DiAbLo-JoiNt: GAVE IT ALL FOR MY MAINS
(26:48 / All) STARCRAFTLEGEND: Lmfao
(26:59 / All) DiAbLo-JoiNt: NOPE
(27:52 / All) STARCRAFTLEGEND: he has an exoP
(27:54 / All) STARCRAFTLEGEND: Top right
(28:06 / All) DiAbLo-JoiNt: YEAH I GOT AN EXPO LOL
(28:16 / All) STARCRAFTLEGEND: AFK POKER TIME :D
(28:18 / All) STARCRAFTLEGEND: gl
(32:06 / All) DiAbLo-JoiNt: NO
(34:18 / All) DiAbLo-JoiNt: WHAT FOOD?
(36:40 / All) DiAbLo-JoiNt: FAG
(36:47 / All) DiAbLo-JoiNt: WHERES MY ITEM
(37:00 / All) DiAbLo-JoiNt: REALLY?
(38:28 / All) STARCRAFTLEGEND: wOOT
(38:30 / All) STARCRAFTLEGEND: aTLEAST I GET A WIN
(38:31 / All) STARCRAFTLEGEND: :D
(38:37 / All) STARCRAFTLEGEND: ROFL
(38:38 / All) STARCRAFTLEGEND: AFK
(38:39 / All) STARCRAFTLEGEND: Again
(38:54 / All) STARCRAFTLEGEND: Jus twon 50 bones
(39:04 / All) STARCRAFTLEGEND: in 25/50 cents
(39:14 / All) STARCRAFTLEGEND: rofl
(39:20 / All) DiAbLo-JoiNt: LOL 25/50 CENTS
(39:24 / All) STARCRAFTLEGEND: Yea
(39:25 / All) DiAbLo-JoiNt: CHEESEBURGER STAKES
(39:28 / All) 50Percent_Event: poker?
(39:30 / All) 50Percent_Event: What site?
(39:32 / All) STARCRAFTLEGEND: Poke
(39:44 / All) STARCRAFTLEGEND: I made 3k from 50$ buy in
(39:55 / All) STARCRAFTLEGEND: playin 25/50 cents
(39:57 / All) STARCRAFTLEGEND: In 2 months
(39:59 / All) STARCRAFTLEGEND: not alot but
(40:06 / All) STARCRAFTLEGEND: Its free time w/e
(40:17 / All) STARCRAFTLEGEND: nice
(40:22 / All) STARCRAFTLEGEND: i bought in 50
(40:28 / All) STARCRAFTLEGEND: Now i have like 2800
(40:34 / All) STARCRAFTLEGEND: In 2 months from 25/50 cents and tourns
(42:46 / All) DiAbLo-JoiNt: SHIT IM OUT OF WOOD
(42:59 / All) STARCRAFTLEGEND: ROLF
(43:01 / All) STARCRAFTLEGEND: I have 3k wood
(43:04 / All) DiAbLo-JoiNt: GIVE IT
(43:06 / All) 418: GIVE IT OVER JEW
(43:08 / All) STARCRAFTLEGEND: na afk
(43:11 / All) DiAbLo-JoiNt: AND ILL THINK ABOUT ENDING IT
(43:15 / All) STARCRAFTLEGEND: Na
(43:18 / All) STARCRAFTLEGEND: im afk anyways
(43:19 / All) STARCRAFTLEGEND: so hf
(43:53 / All) STARCRAFTLEGEND: i think 418 will wi this
(43:57 / All) STARCRAFTLEGEND: diablo is not a 1v1 player
(44:10 / All) DiAbLo-JoiNt: OH YOU JEW
(44:15 / All) DiAbLo-JoiNt: I NEEDED THAT ZEP
(44:28 / All) DiAbLo-JoiNt: YOUR TOWERS KILLED IT
(46:39 / All) DiAbLo-JoiNt: HOW MUCH GOLD DO YOU HAVE?
(46:45 / All) DiAbLo-JoiNt: LOL
(46:49 / All) DiAbLo-JoiNt: I SHOULD GET OUT OF HIGH UPKEEP
(46:52 / All) DiAbLo-JoiNt: I ONLY HAVE 18K
(48:35 / All) DiAbLo-JoiNt: NO INFERNO STONES
(48:36 / All) DiAbLo-JoiNt: GAY
(48:46 / All) DiAbLo-JoiNt: THOSE ARE THE MOST FUN
(50:30 / All) DiAbLo-JoiNt: BUYING A TP FOR NEXT TIME NIGGER
(50:41 / All) DiAbLo-JoiNt: YOU ATTACK A PEON
(51:13 / All) DiAbLo-JoiNt: THINK WE CAN HARVEST ALL THE LUMBER BEFORE THE GOLDMINES RUN OUT?
(51:26 / All) DiAbLo-JoiNt: I GOT 5 SHREDDERS
(51:42 / All) DiAbLo-JoiNt: I WANT MORE BUT IM 80 FOOD
(53:35 / All) STARCRAFTLEGEND: woot im playing dota in my other comp
(53:38 / All) STARCRAFTLEGEND: u guys still here
(53:40 / All) STARCRAFTLEGEND: lol
(53:51 / All) DiAbLo-JoiNt: IM TOUCHING MYSELF
(53:52 / All) STARCRAFTLEGEND: afk
(54:27 / All) DiAbLo-JoiNt: IM GOING HIGH UPKEEP, I WANT MORE SHREDDERS
(73:53 / All) DiAbLo-JoiNt: YOU HERE?
(74:07 / All) DiAbLo-JoiNt: COME KILL MY HEROS
(74:11 / All) DiAbLo-JoiNt: I WANT MORE SHREDDERS
(74:27 / All) DiAbLo-JoiNt: LEFT BASE
(74:47 / All) DiAbLo-JoiNt: OTHERS FIRST
(76:05 / All) DiAbLo-JoiNt: YEAH
(76:07 / All) DiAbLo-JoiNt: I GOT IT
(83:13 / All) DiAbLo-JoiNt: YOU HERE?
(159:48 / All) DiAbLo-JoiNt: HELLO
(159:49 / All) 418: HI
(159:52 / All) 418: I JUST GOT BACK
(160:08 / All) 418: GREEN'S STILL HERE LOL
(160:25 / All) 418: HOW MUCH WOOD YOU GOT?
(160:29 / All) DiAbLo-JoiNt: 16K
(160:36 / All) 418: I GOT 36K LOL
(160:48 / All) DiAbLo-JoiNt: IVE BEEN SPENDING A LOT
(160:50 / All) 418: I SEE
(161:03 / All) DiAbLo-JoiNt: IM ATTEMPTING TO WRTIE NIGGER IN TOWERS
(161:08 / All) 418: OH NICE
(161:24 / All) DiAbLo-JoiNt: I GOTTA KILL YOUR SHIT AT BOTTOM
(161:24 / All) 418: WOW
(161:26 / All) 418: ITS LOOKING BACK
(161:26 / All) DiAbLo-JoiNt: IM ABOUT TO RUN INTO IT
(162:13 / All) 418: MOVE DOWN OUT OF AFK CHANNEL
(163:48 / All) DiAbLo-JoiNt: LOL
(164:54 / All) DiAbLo-JoiNt: K
(166:42 / All) DiAbLo-JoiNt: I WASNT LOOKING AT THE START
(166:49 / All) DiAbLo-JoiNt: REMATCH WHEN IM WATCHING LOL
(170:06 / All) DiAbLo-JoiNt: ATE DINNER
(170:19 / All) DiAbLo-JoiNt: MADE STEAK / MASHED POTATOS / CARROTS / GREEN BEANS
(170:22 / All) DiAbLo-JoiNt: IT WAS AWESOME
(171:05 / All) DiAbLo-JoiNt: K GOOD ENOUGH
(171:14 / All) DiAbLo-JoiNt: MY E IS FUCKED
(171:34 / All) DiAbLo-JoiNt: IT WILL BE BETTER NEXT TIME LOL
(171:48 / All) DiAbLo-JoiNt: DREW LEAVE
(171:51 / All) DiAbLo-JoiNt: IM TIRED OF THIS
(173:20 / All) DiAbLo-JoiNt: K